 Dungeon Sprint DCSS version 0.30-a0-116-g3b1a8e4ee4 (webtiles) character file.

Game seed: 5092875692843961356

101 rocky1 the Covered (level 4, 0/45 HPs)
             Began as a Minotaur Fighter on Sept 13, 2022.
             Slain by a water elemental (17 damage)
             ... in the Dungeon (Sprint III: "The Ten Rune Challenge").
             The game lasted 00:01:29 (495 turns).

rocky1 the Covered (Minotaur Fighter)                Turns: 495, Time: 00:01:30

Health: 0/45       AC:  7    Str: 23    XL:     4   Next: 48%
Magic:  3/3        EV:  9    Int:  5    God:
Gold:   17         SH:  5    Dex:  9    Spells: 3/3 levels left

rFire   . . .      SeeInvis .    a - +0 trident
rCold   . . .      Faith    .    c - +0 buckler
rNeg    . . .      Spirit   .    b - +0 scale mail
rPois   .          Reflect  .    (helmet restricted)
rElec   .          Harm     .    (no cloak)
rCorr   .          Rampage  .    (no gloves)
Will    .....      Clarity  +    (no boots)
Stlth   .......... NoTele   +    (no amulet)
HPRegen 0.15/turn                (no ring)
MPRegen 0.08/turn                (no ring)

@: engulfed (cannot breathe)
A: horns 2, retaliatory headbutt, clarity
a: no special abilities


You were in the Dungeon.
You visited 1 branch You collected 17 gold pieces.

Inventory:

Hand Weapons
 a - a +0 trident (weapon)
Armour
 b - a +0 scale mail (worn)
 c - a +0 buckler (worn)
Scrolls
 j - a scroll of blinking
 k - 4 scrolls of identify
 l - a scroll of immolation {unknown}
 m - 2 scrolls of poison {unknown}
Potions
 d - a potion of might
 e - 2 potions of curing
 f - a potion of heal wounds
 g - a potion of haste
 h - 2 potions of magic
 i - a potion of berserk rage
 n - a potion of flight {unknown}
 o - a potion of mutation


   Skills:
 + Level 6.6 Fighting
 + Level 5.1 Polearms
 + Level 7.0 Armour
 + Level 6.2 Shields


You had 3 spell levels left.
You didn't know any spells.
Your spell library was empty.

Dungeon Overview and Level Annotations

Branches:
Dungeon (1/1)

Altars:


Innate Abilities, Weirdness & Mutations

You have a pair of horns on your head.
You reflexively headbutt those who attack you in melee.
You possess an exceptional clarity of mind.


Message History

You feel extremely strange.
You feel clever. The horns on your head grow some more.
You feel a hidden malignance growing inside you.
You feel less in control of your magic.
You feel resistant to heat.
Really quaff the potion of mutation?
You feel extremely strange. The horns on your head shrink a bit.
You no longer feel heat resistant.
You no longer feel a malignance within.
Iridescent scales grow over part of your body.
You feel a little pissed off.
Really quaff the potion of mutation?
You feel extremely strange.
You feel a little more calm.
You regain control of your magic.
Your iridescent scales disappear.
You feel yourself wasting away.
Iridescent scales grow over part of your body.
You feel less energetic.
Really quaff the potion of mutation?
You feel extremely strange.
You feel more energetic.
Your iridescent scales disappear.
You feel healthier.
Your thoughts seem clearer.
You start resting.
Magic restored.
You open the door.
A water elemental comes into view.
You reach to attack!
You puncture the water elemental!
The water elemental is heavily damaged.
You closely miss the water elemental. You headbutt the water elemental!
The water elemental is almost destroyed.
The water elemental hits you.
The water elemental engulfs you in water!
You closely miss the water elemental.
The water elemental is almost destroyed.
Your lungs strain for air!
The water elemental hits you!
You hit the water elemental but do no damage.
Your headbutt misses the water elemental.
The water elemental is almost destroyed.
Your lungs strain for air!
The water elemental hits you. The water elemental hits you!
You die...

▓▓▓▓▓▓▓▓▓▓▓ ▓▓▓
<.#..'....♣♣♣ ♣.#
..#..#......♣ ♣.#
#'####....♣.♣ ..#
.....#....~♣♣♣♣♣.# #+#+#
.....#...~~♣..♣..#......
.....#..~~~~..♣.@E.⌠....
####'#..~≈≈~~~♣..#...###
)..†)#.~~≈~~~....# ⌠.#
.....#.~≈~~~.....# .#
.....#.~~~.......# #
'#####...........#
.................#
▓▓▓▓▓▓▓▓▓▓▓▓▓▓▓▓▓▓


You could see a water elemental.

Vanquished Creatures
  A scorpion (D)
  Jessica (D)
  A human (D)
  3 rats (D)
6 creatures vanquished.

Notes
Turn   | Place    | Note
-------+----------+-------------------------------------------
     0 | D        | rocky1 the Minotaur Fighter began the quest for the Orb.
     0 | D        | Reached XP level 1. HP: 19/19 MP: 0/0
    13 | D        | Noticed Jessica
    17 | D        | Killed Jessica
    18 | D        | Reached skill level 5 in Fighting
    18 | D        | Reached skill level 5 in Armour
    18 | D        | Reached skill level 5 in Shields
    18 | D        | Reached XP level 2. HP: 24/29 MP: 1/1
    51 | D        | Reached XP level 3. HP: 14/37 MP: 2/2
   247 | D        | Noticed a scorpion
   258 | D        | Killed a scorpion
   259 | D        | Reached skill level 5 in Polearms
   259 | D        | Reached skill level 7 in Armour
   259 | D        | Reached XP level 4. HP: 29/45 MP: 3/3
   454 | D        | Gained mutation: You are dopey. (Int -2) [potion of
                  | mutation]
   455 | D        | Lost mutation: You are dopey. (Int -2) [potion of mutation]
   455 | D        | Gained mutation: You have a pair of large horns on your
                  | head. [potion of mutation]
   455 | D        | Gained mutation: You have hidden genetic defects. [potion
                  | of mutation]
   455 | D        | Gained mutation: Your spells are a little harder to cast,
                  | but a little more powerful. [potion of mutation]
   455 | D        | Gained mutation: Your flesh is heat resistant. (rF+)
                  | [potion of mutation]
   456 | D        | Lost mutation: You have a pair of large horns on your head.
                  | [potion of mutation]
   456 | D        | Lost mutation: Your flesh is heat resistant. (rF+) [potion
                  | of mutation]
   456 | D        | Lost mutation: You have hidden genetic defects. [potion of
                  | mutation]
   456 | D        | Gained mutation: You are partially covered in iridescent
                  | scales. (AC +2) [potion of mutation]
   456 | D        | Gained mutation: You sometimes lose your temper in combat.
                  | [potion of mutation]
   457 | D        | Lost mutation: You sometimes lose your temper in combat.
                  | [potion of mutation]
   457 | D        | Lost mutation: Your spells are a little harder to cast, but
                  | a little more powerful. [potion of mutation]
   457 | D        | Lost mutation: You are partially covered in iridescent
                  | scales. (AC +2) [potion of mutation]
   457 | D        | Gained mutation: Your body sometimes deteriorates upon
                  | taking damage. [potion of mutation]
   457 | D        | Gained mutation: You are partially covered in iridescent
                  | scales. (AC +2) [potion of mutation]
   457 | D        | Gained mutation: Your magical capacity is low. (-10% MP)
                  | [potion of mutation]
   458 | D        | Lost mutation: Your magical capacity is low. (-10% MP)
                  | [potion of mutation]
   458 | D        | Lost mutation: You are partially covered in iridescent
                  | scales. (AC +2) [potion of mutation]
   458 | D        | Lost mutation: Your body sometimes deteriorates upon taking
                  | damage. [potion of mutation]
   458 | D        | Gained mutation: You possess an exceptional clarity of
                  | mind. [potion of mutation]
   491 | D        | Noticed a water elemental
   495 | D        | Slain by a water elemental

Illustrated notes

Levels and vault maps discovered:
D:        dungeon_sprint_mu [sprint_mu_entry_forest, sprint_mu_temple_rooms,
          sprint_mu_d1_spiders, sprint_mu_d2_genie, sprint_mu_d3_branching,
          sprint_mu_orc_legion, sprint_mu_elf_gauntlet, sprint_mu_hive_nellie,
          sprint_mu_lair_fedhas, sprint_mu_vaults_butterflies,
          sprint_mu_slime_circle, sprint_mu_swamp_cave, sprint_mu_snake_twists,
          sprint_mu_blade_basic, sprint_mu_crypt_lich, sprint_mu_tomb_spiral,
          sprint_mu_vestibule_basic, sprint_mu_gehenna_hellfire,
          sprint_mu_dis_giant, sprint_mu_tartarus_statrot,
          sprint_mu_cocytus_islands, sprint_mu_zot1]

Skill      XL: |  1  2  3 |
---------------+----------+-----
Fighting       | 5 6 |  6.6
Polearms       | 3 4 5 |  5.1
Armour         | 5 7 |  7.0
Shields        | 5 6 |  6.2

Action                   |  1- 3 |  4- 6 || total
-------------------------+-------+-------++-------
Melee: Trident           |    21 |     4 ||    25
       Headbutt          |     1 |     1 ||     2
  Use: Potion            |       |     5 ||     5
Armor: Scale mail        |     4 |       ||     4
Dodge: Dodged            |     7 |       ||     7
Block: Buckler           |     1 |       ||     1

Table legend: (Time is in decaauts)
 A = Elapsed time spent in this place.
 B = Non-inter-level travel time spent in this place.
 C = Inter-level travel time spent in this place.
 D = Time resting spent in this place.
 E = Time spent auto-exploring this place.
 F = Levels seen in this place.
 G = Mean time per level.
                   A        B        C        D        E       F      G
               +--------+--------+--------+--------+--------+-----+--------+
         Total |    506 |    506 |      0 |    359 |      0 |   1 |  506.0 |
       Dungeon |    506 |    506 |      0 |    359 |      0 |   1 |  506.0 |
               +--------+--------+--------+--------+--------+-----+--------+

Top non-repeatable levels by time:
       D: 506 daAuts
